 Dungeon Crawl Stone Soup version 0.29.0-15-g675c0067aa (webtiles) character file.

Game seed: 16544996866802791167

9 qw the Sneak (level 2, -6/19 HPs)
             Began as a Gargoyle Delver on Sept 11, 2022.
             Mangled by an ogre
             ... wielding a +0 giant club
              (14 damage)
             ... on level 4 of the Dungeon.
             The game lasted 00:00:08 (307 turns).

qw the Sneak (Gargoyle Delver)                       Turns: 307, Time: 00:00:09

Health: -6/19      AC:  6    Str: 15    XL:     2   Next: 12%
Magic:  2/2        EV: 11    Int: 10    God:
Gold:   0          SH:  0    Dex: 11    Spells: 1/1 levels left

rFire   . . .      SeeInvis .   a - +0 hand axe
rCold   . . .      Faith    .   (no shield)
rNeg    + . .      Spirit   .   b - +0 leather armour
rPois   inf        Reflect  .   (no helmet)
rElec   +          Harm     .   h - +0 cloak
rCorr   .          Rampage  .   (no gloves)
Will    .....                   (no boots)
Stlth   +++.......              (no amulet)
HPRegen 0.06/turn               (no ring)
MPRegen 0.08/turn               (no ring)

@: no status effects
A: sickness immunity, AC +2, negative energy resistance 1, electricity
resistance, torment resistance 1, petrification resistance
a: no special abilities


You were on level 4 of the Dungeon.
You visited 1 branch of the dungeon, and saw 2 of its levels.


Innate Abilities, Weirdness & Mutations

You are immune to sickness and miasma.
Your stone body is resilient. (AC +2)
You are immune to poison.
You resist negative energy. (rN+)
You are resistant to electric shocks. (rElec)
You are resistant to unholy torment.
You are immune to petrification.


   Skills:
 - Level 3.2 Fighting
 + Level 2.5 Axes
 - Level 1.5 Dodging
 - Level 5.4 Stealth


You had one spell level left.
You didn't know any spells.
Your spell library was empty.

Inventory:

Hand Weapons
 a - a +0 hand axe (weapon)
 e - a +0 whip
Armour
 b - a +0 leather armour (worn)
 h - a +0 cloak (worn)
 i - a +0 pair of boots
Wands
 g - a wand of digging (3)
Scrolls
 c - a scroll of enchant armour {unknown}
 d - a scroll of identify {unknown}
Potions
 f - a potion of haste

Dungeon Overview and Level Annotations

Branches:
Dungeon (5/15)
 Temple: D:4-7

Altars:

Annotations:
D:4 1 transporter, qw's ghost, weakling GrDe


Message History

You start resting.
A goblin is nearby!
247 ||| Stepping ~*~*~tactically~*~*~ (stealth).
You start resting.
HP restored.
Found 5 stones.
Found a stone staircase leading up.
You hear the brisk rusting of a distant drain.
Found a leather armour.
The shadow imp shouts, "Turn tail, thou pottle-deep fool-headed simpleton!"
The shadow imp spits at you.
There is a transporter landing site here.
e - a +0 whip The shadow imp picks up a beetle and eats it.
Enter note:
Found a leather armour.
The shadow imp shouts, "Decamp, thou spongy knotty-pated hugger-mugger!"
i - a +0 pair of boots An ufetubus comes into view.
An ogre comes into view. It is wielding a +0 giant club.
The ufetubus shouts!
The ufetubus closely misses you. The ufetubus barely misses you.
You hit the ufetubus.
The ufetubus is lightly wounded.
The ufetubus barely misses you. The ufetubus hits you.
The ufetubus hits you but does no damage. x2
You barely miss the ufetubus.
The ufetubus is lightly wounded.
The ufetubus closely misses you.
The ufetubus hits you but does no damage.
You completely miss the ufetubus.
The ufetubus is lightly wounded.
The ufetubus barely misses you. The ufetubus hits you.
The ufetubus closely misses you. The ufetubus completely misses you.
You miss the ufetubus.
The ufetubus is lightly wounded.
You hit the ogre but do no damage. The ufetubus hits you.
The ufetubus misses you. The ogre hits you with a +0 giant club!
Ouch! That really hurt!
You die...

........^..........#
.................##
####...######.....###
#...# #........#
####...#####..#.##..# .
...........#..#.##..##..
........(...............
.......^...#..##....##..
####...#####..##@[..#
###...### #...5O...#
#.......# ######.#.#
#.#...#.# .#.# #.#...#.#
.# . ##.#...#.# .# .#
...#...#.# .. #..##.##.#
.. #........#


You could see an ogre and an ufetubus.

Vanquished Creatures
  A river rat (D:4)
1 creature vanquished.

Notes
Turn   | Place    | Note
-------+----------+-------------------------------------------
     0 | D:5      | qw the Gargoyle Delver began the quest for the Orb.
     0 | D:5      | Reached XP level 1. HP: 14/14 MP: 1/1
     0 | D:5      | 0 ||| qw: Version: 0.1-a-117-gfe26ee0
     0 | D:5      | 0 ||| qw: Game counter: 9981
     0 | D:5      | 0 ||| qw: Always use a shield: true
     0 | D:5      | 0 ||| qw: God list: Okawaru
     0 | D:5      | 0 ||| qw: Allow faded altars: false
     0 | D:5      | 0 ||| qw: Do Orc after D:15 true
     0 | D:5      | 0 ||| qw: Do second Lair branch before Depths: true
     0 | D:5      | 0 ||| qw: Lair rune preference: random
     0 | D:5      | 0 ||| qw: Plans: Normal
     0 | D:5      | 0 ||| PLANNING D:1-11
     6 | D:5      | 6 ||| UPGRADING to +0 cloak.
    11 | D:5      | 11 ||| DROPPING scroll of fog.
    12 | D:5      | 12 ||| DROPPING scroll of magic mapping.
    13 | D:5      | 13 ||| DROPPING scroll of fear.
    23 | D:4      | 23 ||| PLANNING SEWER
   122 | D:4      | Reached XP level 2. HP: 10/19 MP: 2/2
   132 | D:4      | 132 ||| Stepping ~*~*~tactically~*~*~ (stealth).
   137 | D:4      | 137 ||| Stepping ~*~*~tactically~*~*~ (stealth).
   138 | D:4      | 138 ||| Stepping ~*~*~tactically~*~*~ (stealth).
   143 | D:4      | 143 ||| Stepping ~*~*~tactically~*~*~ (stealth).
   162 | D:4      | 162 ||| Stepping ~*~*~tactically~*~*~ (stealth).
   174 | D:4      | 174 ||| Stepping ~*~*~tactically~*~*~ (stealth).
   176 | D:4      | 176 ||| Stepping ~*~*~tactically~*~*~ (stealth).
   188 | D:4      | 188 ||| Stepping ~*~*~tactically~*~*~ (stealth).
   189 | D:4      | 189 ||| Stepping ~*~*~tactically~*~*~ (stealth).
   190 | D:4      | 190 ||| Stepping ~*~*~tactically~*~*~ (stealth).
   191 | D:4      | 191 ||| Stepping ~*~*~tactically~*~*~ (stealth).
   192 | D:4      | 192 ||| Stepping ~*~*~tactically~*~*~ (stealth).
   197 | D:4      | 197 ||| Stepping ~*~*~tactically~*~*~ (stealth).
   198 | D:4      | 198 ||| Stepping ~*~*~tactically~*~*~ (stealth).
   200 | D:4      | 200 ||| Stepping ~*~*~tactically~*~*~ (stealth).
   201 | D:4      | 201 ||| Stepping ~*~*~tactically~*~*~ (stealth).
   202 | D:4      | 202 ||| Stepping ~*~*~tactically~*~*~ (stealth).
   203 | D:4      | 203 ||| Stepping ~*~*~tactically~*~*~ (stealth).
   204 | D:4      | 204 ||| Stepping ~*~*~tactically~*~*~ (stealth).
   205 | D:4      | 205 ||| Stepping ~*~*~tactically~*~*~ (stealth).
   214 | D:4      | 214 ||| Stepping ~*~*~tactically~*~*~ (stealth).
   220 | D:4      | 220 ||| Stepping ~*~*~tactically~*~*~ (stealth).
   222 | D:4      | 222 ||| Stepping ~*~*~tactically~*~*~ (stealth).
   223 | D:4      | 223 ||| Stepping ~*~*~tactically~*~*~ (stealth).
   232 | D:4      | 232 ||| Stepping ~*~*~tactically~*~*~ (stealth).
   244 | D:4      | 244 ||| Stepping ~*~*~tactically~*~*~ (stealth).
   247 | D:4      | 247 ||| Stepping ~*~*~tactically~*~*~ (stealth).
   277 | D:4      | Found a transporter.
   283 | D:4      | Noticed qw's ghost (weakling GrDe)
   300 | D:4      | Noticed an ogre
   307 | D:4      | Mangled by an ogre

Levels and vault maps discovered:
D:4:      layout_loops_cross, mainiacjoe_overflow_catwalk_spiral,
          nicolae_overflow_two_pavilions, minmay_temple_entry_mini_moons,
          gup_sewer_entry_bubbles, gammafunk_ghost_mausoleum, uniq_grinder,
          uniq_pikel
D:5:      layout_cave_pools, minmay_crystal_water, minivault_24

Skill      XL: |  1 |
---------------+----+-----
Axes           | 2 |  2.5
Fighting       | |  3.2
Dodging        | |  1.5
Stealth        | |  5.4

Action                   || total
-------------------------++-------
Melee: Hand axe          ||     9
Armor: Leather armour    ||     5
Dodge: Dodged            ||     8

Table legend:
 A = Non-vault XP
 B = Vault XP
 C = Vault XP percentage of total XP
 D = Non-vault monster count
 E = Vault monster count
 F = Vault count percentage of total count
                 A         B        C        D         E       F
            +---------+---------+-------+---------+---------+-------
      Total |       0 |      13 | 100.0 |       0 |       1 | 100.0
            +---------+---------+-------+---------+---------+-------
        D:4 |       0 |      13 | 100.0 |       0 |       1 | 100.0
            +---------+---------+-------+---------+---------+-------
